AoeStats
← Pegasus Assistant

Arena

507782942Analyzed
1v1 RM · 13d ago on Sep 19, 2026· 47m 10s· 2 players
Game mode
Random Map
Map size
Tiny (2 player)
Population
200
Speed
Normal
Resources
Standard
Victory
Conquest
Starting age
Dark Age
Ending age
Imperial Age
RankedLock teamsTeams togetherTeam positionsShared explorationLock speedFull tech treeHidden civsTurbo modeCheats
Victory
Defeat
🇪🇸 Italians · Spain
875
+17
🇺🇸 Bulgarians · United States
886
-17
Lober23
11:45 Feudal Age
16:49 Castle Age
15:23 Double-Bit Axe
16:06 Loom
19:50 Gold Mining
19:44 Horse Collar
20:17 Bow Saw
21:41 Fletching
21:59 Padded Archer Armor
22:56 Bodkin Arrow
25:52 Town Watch
27:12 Town Patrol
30:31 Imperial Age
28:44 Ballistics
28:36 Masonry
28:22 Murder Holes
29:16 Treadmill Crane
29:49 Fortified Wall
31:42 Bracer
31:58 Leather Archer Armor
32:46 Chemistry
31:13 Capped Ram
32:41 Wheelbarrow
33:17 Two-Man Saw
33:19 Heavy Plow
35:22 Elite Genoese Crossbowman
37:32 Ring Archer Armor
38:48 Hand Cart
40:35 Architecture
Pegasus Assistant
10:01 Feudal Age
10:41 Double-Bit Axe
10:40 Horse Collar
14:00 Wheelbarrow
14:18 Loom
17:11 Castle Age
16:22 Forging
16:23 Scale Barding Armor
18:33 Husbandry
17:57 Light Cavalry
19:40 Chain Barding Armor
26:14 Hand Cart
30:09 Bloodlines
31:31 Bow Saw
31:24 Heavy Plow
31:23 Stirrups
32:36 Iron Casting
33:15 Gold Mining
34:43 Fletching
37:37 Imperial Age
34:54 Town Watch
37:21 Scale Mail Armor
37:44 Onager
39:16 Conscription
41:46 Bagains
44:05 Chemistry
43:28 Ballistics
43:32 Bodkin Arrow
45:20 Squires
45:06 Gambesons
46:18 Ballistics
45:33 Elite Konnik
Connection lost

Rejoining the realm…

Still unreachable

The connection could not be restored.

Session expired

The server has moved on; the page needs a fresh start.